AoeStats
← Koatlistak

Pilgrims

508985872Analyzed
4v4 RM · 8d ago on Sep 25, 2026· 68m 7s· 8 players
Game mode
Random Map
Map size
Large (8 player)
Population
200
Speed
Normal
Resources
Standard
Victory
Conquest
Starting age
Dark Age
Ending age
Imperial Age
RankedLock teamsTeams togetherTeam positionsShared explorationLock speedFull tech treeHidden civsTurbo modeCheats
Victory
Defeat
🇦🇷 Saxons · Argentina
1276
+14
🇳🇿 Japanese · New Zealand
1227
+16
🇲🇽 Inca · Mexico
1198
+17
🇧🇪 Koreans · Belgium
1181
+18
🇲🇽 Turks · Mexico
1313
-19
🇺🇸 Spanish · United States
1289
-19
🇺🇸 Chinese · United States
1166
-14
🇧🇷 Burgundians · Brazil
1142
-13
rukas
13:27 Feudal Age
20:35 Castle Age
19:29 Fletching
21:33 Bodkin Arrow
21:57 Guard Tower
22:46 Murder Holes
23:54 Masonry
27:43 Loom
39:33 Fishing Lines
41:44 Double-Bit Axe
42:02 Gold Mining
42:03 Stone Mining
43:26 Bow Saw
43:14 Town Watch
46:45 Imperial Age
45:41 Wheelbarrow
46:54 Horse Collar
47:24 Yasama
48:16 Keep
48:21 Arrowslits
49:33 Kataparuto
49:34 Conscription
50:48 Chemistry
50:17 Ballistics
50:15 Bracer
59:46 Hand Cart
59:45 Treadmill Crane
60:22 Elite Samurai
61:41 Pikeman
62:22 Squires
62:44 Conscription
63:36 Scale Mail Armor
63:47 Forging
65:45 Iron Casting
65:25 Chain Mail Armor
harry_mas0n
12:11 Feudal Age
13:13 Double-Bit Axe
15:40 Loom
18:11 Castle Age
17:24 Scale Mail Armor
17:53 Forging
17:31 Fishing Lines
18:06 Champi Runner
19:14 Bow Saw
19:33 Medium Warships
18:52 Champi Warrior
19:30 Gold Mining
22:48 Chain Mail Armor
23:14 Iron Casting
26:26 Loom
27:15 Horse Collar
27:26 Stone Mining
39:36 Wheelbarrow
39:06 Heavy Plow
39:51 Elite Skirmisher
40:24 Fletching
40:35 Padded Archer Armor
41:40 Gillnets
45:53 Leather Archer Armor
47:08 Hand Cart
47:54 Bodkin Arrow
52:21 Imperial Age
51:25 Squires
51:10 Arson
51:46 Town Watch
52:31 Elite Champi Warrior
53:08 Pikeman
53:53 Halberdier
55:22 Bracer
55:46 Conscription
56:54 Plate Mail Armor
58:01 Blast Furnace
57:15 Andean Sling
58:36 Capped Ram
60:12 Ring Archer Armor
60:06 Ballistics
60:03 Treadmill Crane
60:46 Siege Ram
65:17 Crop Rotation
66:49 Guilds
68:56 Gold Shaft Mining
68:58 Stone Shaft Mining
noumha
4:45 Loom
13:21 Feudal Age
14:10 Double-Bit Axe
18:53 Castle Age
18:41 Fishing Lines
20:00 Bow Saw
20:13 Medium Warships
19:57 Gillnets
26:43 Treadmill Crane
31:17 Imperial Age
29:23 Wheelbarrow
29:43 Light Cavalry
30:24 Husbandry
31:30 Hand Cart
31:33 Forging
31:23 Scale Mail Armor
31:31 Scale Barding Armor
31:46 Hussar
33:19 Conscription
33:07 Fletching
33:38 Chain Barding Armor
33:53 Iron Casting
33:34 Town Watch
34:34 Bodkin Arrow
35:28 Eupseong
36:54 Two-Man Saw
36:09 Horse Collar
41:28 Heavy Plow
41:33 Town Patrol
43:18 Bracer
47:46 Siege Engineers
48:42 Chemistry
47:32 Arrowslits
48:09 Ballistics
47:14 Cavalier
67:05 Murder Holes
67:20 Masonry
LordofSun
13:03 Feudal Age
11:24 Loom
13:11 Feudal Age
17:17 Castle Age
15:28 Fletching
15:42 Double-Bit Axe
15:45 Fishing Lines
16:26 Gold Mining
18:38 Bow Saw
19:44 Bodkin Arrow
21:12 Ballistics
22:39 Wheelbarrow
21:50 Town Watch
24:45 Gillnets
27:19 Hand Cart
27:50 Squires
27:36 Arson
27:52 Scale Mail Armor
28:02 Forging
28:11 Horse Collar
29:47 Town Patrol
33:35 Imperial Age
32:35 Gambesons
32:57 Scale Barding Armor
33:07 Chain Mail Armor
33:31 Iron Casting
33:48 Elite Varangian Guard
35:00 Plate Mail Armor
34:42 Shield Wall
35:45 Conscription
35:34 Padded Archer Armor
35:39 Bracer
37:08 Medium Warships
36:20 Elite Longship
37:19 Padded Archer Armor
36:57 Elite Hearth Troop
39:10 Chemistry
37:39 Capped Ram
39:02 Onager
41:10 Two-Man Saw
39:54 Man-at-Arms
40:54 Leather Archer Armor
40:19 Clerical Recruitment
40:57 Crossbowman
42:19 Ring Archer Armor
41:38 Arrowslits
41:32 Arbalester
42:17 Thumb Ring
41:56 Cranequins
43:00 Guard Tower
44:22 Treadmill Crane
45:18 Keep
45:28 Siege Engineers
54:31 Pikeman
55:09 Halberdier
57:30 Coinage
58:20 Siege Ram
63:23 Careening
lord evil
1:22 Loom
11:48 Feudal Age
12:52 Fishing Lines
13:23 Town Watch
14:15 Wheelbarrow
13:48 Double-Bit Axe
17:41 Castle Age
16:47 Stone Mining
17:03 Gold Mining
18:39 Hand Cart
19:47 Town Patrol
24:19 Medium Warships
24:03 Fletching
26:57 Ballistics
28:09 Careening
28:10 Clinker Construction
27:39 Demolition Ship
36:50 Bow Saw
37:42 Gillnets
40:23 Bodkin Arrow
40:29 Padded Archer Armor
40:29 Horse Collar
41:26 Gold Shaft Mining
44:46 Forging
44:52 Leather Archer Armor
44:43 Scale Barding Armor
46:53 Light Cavalry
47:43 Bloodlines
47:34 Husbandry
51:41 Iron Casting
67:36 Stone Shaft Mining
alexisjcw
3:27 Loom
12:35 Feudal Age
15:04 Town Watch
16:44 Double-Bit Axe
18:36 Wheelbarrow
20:47 Castle Age
19:27 Stone Mining
19:29 Gold Mining
19:36 Gold Mining
19:31 Horse Collar
22:30 Medium Warships
22:14 Fletching
24:50 Stone Shaft Mining
25:13 Padded Archer Armor
29:47 Leather Archer Armor
34:08 Bloodlines
33:58 Husbandry
46:47 Ballistics
49:10 Imperial Age
49:15 Cavalier
50:02 Scale Barding Armor
50:08 Forging
49:54 Bodkin Arrow
50:29 Ring Archer Armor
51:04 Chemistry
51:39 Chain Barding Armor
51:18 Bodkin Arrow
51:54 Ring Archer Armor
53:14 Plate Barding Armor
53:15 Iron Casting
53:14 Ring Archer Armor
52:47 Light Cavalry
54:04 Bracer
54:08 Squires
53:53 Arson
53:29 Pikeman
54:12 Scale Mail Armor
54:07 Hussar
57:18 Blast Furnace
56:54 Bow Saw
59:15 Paladin
60:21 Chain Mail Armor
60:32 Caravan
62:43 Plate Mail Armor
62:22 Heavy Plow
63:23 Two-Man Saw
63:07 Masonry
62:23 Elite Skirmisher
63:09 Thumb Ring
64:55 Halberdier
rNy-
5:13 Loom
11:57 Feudal Age
12:30 Double-Bit Axe
12:31 Horse Collar
18:40 Castle Age
19:10 Heavy Plow
19:27 Bow Saw
20:54 Crop Rotation
26:59 Wheelbarrow
26:33 Gold Mining
28:05 Forging
28:01 Scale Barding Armor
28:11 Husbandry
30:18 Hand Cart
30:44 Gold Shaft Mining
33:01 Imperial Age
30:52 Burgundian Vineyards
31:14 Stone Mining
33:57 Iron Casting
33:42 Chain Barding Armor
34:35 Conscription
33:44 Elite Coustillier
36:40 Blast Furnace
36:16 Plate Barding Armor
39:15 Fletching
40:53 Stone Shaft Mining
42:51 Hoardings
56:58 Light Cavalry
57:55 Hussar
63:00 Cavalier
Koatlistak
6:55 Loom
11:04 Feudal Age
12:08 Town Watch
15:30 Castle Age
13:38 Double-Bit Axe
15:26 Stone Mining
16:51 Bow Saw
17:01 Gold Mining
20:07 Padded Archer Armor
22:21 Fletching
22:20 Horse Collar
33:27 Wheelbarrow
42:36 Imperial Age
41:33 Murder Holes
41:56 Masonry
43:16 Scale Barding Armor
43:47 Forging
44:37 Chain Barding Armor
44:35 Bloodlines
45:13 Husbandry
55:37 Hand Cart
56:26 Iron Casting
59:44 Plate Barding Armor
65:56 Blast Furnace
Connection lost

Rejoining the realm…

Still unreachable

The connection could not be restored.

Session expired

The server has moved on; the page needs a fresh start.